Map: Coda LE (Void)

Players

Bop

  • Race: Terran Terran

IlIlIlIlIlIl - Winner!

  • Race: Zerg Zerg

VOD

Have the link to the VOD?

Description

Time

  • Played on: May 1, 2015, 5:09 p.m.
  • Length: 12:44
Show
View Real Time Build Order
Export as new Build Order

Bop Terran 

Build Orders: Reaper Expand, Bio Hellbat 

Get SALT Encoding   

  12  0:01  SCV  
  13  0:13  SCV  
  14  0:23  Supply Depot  
  14  0:25  SCV  
  15  0:44  SCV  
  15  0:45  Refinery, Barracks  
  16  0:56  SCV  
  17  1:09  SCV  
  18  1:21  SCV  
  19  1:33  Reaper, Orbital Command  
  20  1:45  Command Center  
  20  2:00  SCV, Supply Depot  
  21  2:05  Reaper  
  22  2:12  SCV  
  23  2:28  Refinery  
  23  2:32  SCV  
  24  2:37  Reaper  
  25  2:45  SCV  
  27  2:59  Orbital Command  
  27  3:01  Factory  
  26  3:07  SCV  
  26  3:09  Command Center, Reaper  
  28  3:30  SCV  
  28  3:31  SCV  
  30  3:38  Barracks  
  30  3:39  Barracks  
  30  3:42  SCV  
  30  3:43  SCV  
  30  3:47  Factory Reactor  
  32  3:50  Barracks Tech Lab  
  32  3:51  Bunker  
  32  3:52  Supply Depot  
  32  3:56  SCV x2  
  34  4:08  SCV  
  34  4:12  SCV  
  35  4:19  Supply Depot  
  35  4:20  Supply Depot, SCV  
  35  4:24  SCV, Stimpack, Marauder  
  37  4:25  Hellion x2  
  37  4:30  Orbital Command  
  43  4:34  Barracks Reactor  
  43  4:35  Barracks Reactor  
  43  4:37  SCV x2  
  45  4:43  Supply Depot  
  45  4:45  Supply Depot  
  45  4:48  Marauder  
  45  4:49  SCV  
  48  4:57  Engineering Bay  
  48  4:58  Refinery, Engineering Bay  
  47  5:05  Hellion x2  
  51  5:19  SCV x3  
  54  5:23  Marine  
  54  5:24  Marine x4  
  54  5:25  Terran Infantry Weapons Level 1, Armory  
  54  5:28  Terran Infantry Armor Level 1  
  59  5:37  Supply Depot  
  59  5:40  Hellion  
  59  5:41  Marine  
  59  5:42  Marine x3  
  65  5:46  Marine  
  65  5:48  Starport  
  66  5:55  Hellion  
  66  5:57  SCV  
  69  5:59  Marine x3  
  57  6:19  Marine x3  
  57  6:20  Widow Mine x2, Marine x2  
  57  6:22  SCV  
  57  6:23  SCV x2  
  57  6:25  Refinery  
  65  6:28  Medivac  
  67  6:33  Terran Vehicle and Ship Weapons Level 1  
  67  6:34  Barracks  
  67  6:35  Barracks  
  67  6:41  Factory, Marine x5  
  72  6:55  Supply Depot  
  72  6:59  Combat Shields, Marine  
  73  7:02  Marine x4  
  73  7:03  Factory Reactor  
  77  7:13  Supply Depot  
  77  7:14  Supply Depot  
  77  7:15  Command Center  
  77  7:16  Marine  
  77  7:18  Medivac x2  
  77  7:20  Marine x4  
  86  7:28  Orbital Command  
  86  7:30  Missile Turret  
  86  7:32  Starport  
  86  7:33  Barracks Reactor, Barracks Tech Lab  
  86  7:34  Marine  
  87  7:41  Marine x4  
  91  7:52  Marine  
  91  7:56  Hellbat  
  91  7:57  Factory Tech Lab  
  91  7:58  SCV, Marine  
  95  7:59  Marine x3  
  95  8:03  Concussive Shells  
  95  8:04  Marauder  
  101  8:10  Marine  
  102  8:18  Starport Tech Lab  
  102  8:20  SCV x2  
  102  8:23  Refinery  
  102  8:24  Refinery, Marine x5  
  102  8:25  Bunker  
  109  8:29  Orbital Command  
  109  8:33  Marine x2  
  109  8:34  Marine  
  112  8:42  Marine x3  
  115  8:50  Marine x2  
  115  8:54  Hellbat x3  
  115  8:57  Marine x3  
  115  8:58  Raven, Medivac  
  115  8:59  Marine  
  115  9:00  Marine  
  118  9:03  Marine  
  118  9:04  SCV  
  118  9:08  Marine x2  
  122  9:11  Orbital Command  
  122  9:14  Terran Infantry Weapons Level 2, Marine  
  122  9:15  Hellbat, Marine x2  
  126  9:20  Terran Infantry Armor Level 2  
  126  9:26  Marine x5  
  131  9:32  Marine x3  
  131  9:33  Medivac x2  
  131  9:38  Hellbat x3  
  144  9:43  Marine  
  144  9:45  Raven  
  147  10:01  Marine  
  148  10:17  Marine x2  
  148  10:18  Marine x2  
  125  10:24  Marine  
  125  10:25  Marine x3  
  125  10:26  Hellbat  
  125  10:27  Hellbat x2, Infernal Pre-Igniter  
  108  10:34  Marine x2  
  101  10:36  Marine x2  
  101  10:42  Marine  
  99  10:43  Marine x3  
  99  10:48  Barracks, Hellbat  
  99  10:49  Barracks  
  105  10:50  Medivac  
  105  10:52  Marine x2  
  105  10:54  Marine  
  102  10:58  Orbital Command  
  102  11:01  Marauder x2  
  81  11:09  Widow Mine x3  
  82  11:22  Marauder x2, Marine x6  
  82  11:23  Medivac x2  
  96  11:37  Marine x2  
  96  11:38  Widow Mine  
  96  11:39  Marine  
  98  11:40  Marine x4  
  98  11:44  Marauder  
  97  12:03  Orbital Command  
  97  12:04  Marine  
  97  12:06  Marine x5  
Show
View Real Time Build Order
Export as new Build Order

IlIlIlIlIlIl Zerg - Winner!

Build Orders: Hatch First, Lurkers 

Get SALT Encoding   

  12  0:01  Drone  
  13  0:08  Drone  
  14  0:18  Drone, Extractor  
  15  0:23  Overlord  
  15  0:41  Drone x2  
  17  0:44  Drone  
  18  0:55  Drone  
  19  1:05  Drone  
  19  1:10  Hatchery  
  19  1:18  Spawning Pool  
  19  1:19  Drone  
  19  1:26  Extractor  
  19  1:27  Drone  
  19  1:40  Drone  
  20  1:51  Overlord  
  20  2:04  Drone  
  21  2:08  Queen  
  23  2:17  Zergling x2  
  23  2:22  Queen  
  26  2:25  Drone  
  26  2:26  Drone  
  28  2:35  Drone  
  28  2:36  Drone  
  30  2:43  Zergling x2  
  31  2:44  Queen  
  31  2:45  Drone  
  33  2:54  Drone  
  34  2:59  Queen  
  34  3:00  Overlord  
  36  3:10  Overlord  
  36  3:18  Zergling x4  
  37  3:20  Metabolic Boost  
  37  3:22  Hatchery  
  37  3:25  Drone  
  36  3:33  Zergling x6  
  38  3:37  Drone  
  39  3:43  Lair  
  39  3:51  Drone  
  39  3:52  Drone x2  
  39  3:54  Drone  
  43  3:56  Drone  
  44  4:06  Drone x4  
  48  4:11  Extractor  
  48  4:12  Drone  
  48  4:13  Drone, Extractor  
  48  4:15  Drone  
  49  4:17  Drone  
  50  4:25  Drone  
  50  4:26  Overlord  
  50  4:28  Extractor  
  50  4:29  Overlord  
  50  4:36  Overlord  
  50  4:38  Queen  
  52  4:47  Drone x2  
  52  4:48  Hydralisk Den  
  52  4:51  Drone x2  
  55  4:58  Drone x2  
  55  4:59  Drone x2  
  59  5:00  Drone  
  59  5:04  Drone x2  
  62  5:08  Drone x2  
  62  5:09  Drone  
  62  5:11  Overseer  
  64  5:14  Drone x2  
  64  5:18  Hydralisk  
  68  5:24  Hydralisk x2  
  72  5:29  Hydralisk  
  72  5:32  Hydralisk  
  76  5:37  Lurker Den  
  76  5:39  Baneling Nest  
  76  5:41  Evolution Chamber  
  76  5:42  Evolution Chamber, Overlord  
  74  5:46  Evolution Chamber  
  74  5:49  Hydralisk  
  74  5:53  Drone x2  
  74  5:56  Drone x2  
  78  5:59  Hydralisk  
  80  6:07  Hydralisk  
  80  6:08  Hydralisk x2  
  80  6:10  Hydralisk  
  87  6:14  Hydralisk  
  87  6:17  Overlord  
  87  6:19  Zergling x6  
  87  6:25  Zerg Missile Weapons Level 1  
  89  6:31  Overlord x3  
  89  6:37  Extractor  
  89  6:39  Extractor  
  87  6:41  Zerg Ground Armor Level 1  
  87  6:42  Drone x3  
  87  6:43  Drone x3  
  93  6:54  Drone x5  
  96  7:01  Centrifical Hooks  
  98  7:04  Baneling x2  
  98  7:05  Drone x4, Baneling  
  98  7:06  Drone  
  103  7:14  Drone x3  
  106  7:18  Zergling x10  
  106  7:19  Zergling x6  
  106  7:20  Zergling x2  
  106  7:21  Lurker  
  106  7:22  Lurker  
  117  7:28  Muscular Augments  
  117  7:34  Lurker  
  117  7:35  Zergling x2  
  117  7:36  Zergling x4  
  121  7:38  Spine Crawler  
  121  7:40  Baneling x2  
  120  7:48  Zergling x2  
  121  7:57  Overlord x3  
  121  8:02  Overlord x3  
  121  8:03  Overlord x4, Spine Crawler  
  121  8:04  Spine Crawler  
  119  8:07  Zerg Melee Weapons Level 1  
  119  8:10  Hydralisk  
  121  8:15  Lurker x3  
  121  8:16  Lurker  
  125  8:21  Baneling x3  
  125  8:22  Lurker  
  126  8:28  Zergling x6  
  126  8:29  Zergling x12  
  126  8:32  Overseer  
  126  8:33  Overseer  
  135  8:34  Hydralisk x2  
  135  8:43  Zergling x4  
  135  8:44  Zergling x12  
  135  8:45  Zergling x2  
  135  8:46  Zergling x2  
  129  8:52  Hydralisk x2  
  120  8:57  Zergling x6  
  120  9:01  Hydralisk  
  125  9:06  Drone  
  126  9:15  Hydralisk x3  
  132  9:20  Lurker  
  132  9:22  Lurker x2  
  132  9:23  Lurker  
  132  9:24  Zergling x10  
  141  9:35  Zerg Missile Weapons Level 2  
  141  9:37  Zergling x4  
  141  9:38  Zergling x2  
  144  9:44  Hatchery  
  143  9:50  Hydralisk x2  
  143  9:51  Hydralisk x2  
  152  9:52  Zergling x2  
  152  9:53  Zergling x4  
  152  9:59  Hydralisk x2  
  151  10:07  Lair  
  151  10:15  Hydralisk x2  
  151  10:16  Hydralisk x2  
  151  10:18  Hydralisk  
  144  10:21  Hydralisk  
  144  10:27  Zergling x2  
  144  10:28  Zergling x6  
  130  10:31  Zergling x4  
  129  10:38  Zergling x2  
  129  10:39  Zergling x8  
  129  10:41  Drone  
  135  10:43  Lurker  
  135  10:45  Zergling x2  
  137  10:51  Zergling x4  
  137  10:52  Zergling x2  
  137  10:56  Hydralisk x2  
  128  11:02  Zergling x2  
  122  11:08  Zergling x6  
  122  11:11  Lurker x2  
  127  11:12  Zergling x2  
  127  11:15  Queen  
  124  11:18  Zergling x2  
  124  11:20  Baneling  
  124  11:21  Baneling x2  
  124  11:23  Zergling x2  
  126  11:26  Zergling x2  
  126  11:27  Zergling x2  
  128  11:36  Hydralisk  
  128  11:37  Hydralisk  
  127  11:40  Hydralisk  
  127  11:41  Zergling x2  
  127  11:46  Hydralisk x2  
  133  11:49  Hydralisk  
  133  11:51  Queen  
  133  11:54  Hydralisk  
  131  11:55  Zergling x4  
  131  11:59  Hydralisk x2  
  129  12:02  Zergling x2  
  129  12:03  Zergling x2  
  115  12:10  Zergling x2  
  115  12:11  Zergling x6  
  110  12:17  Zergling x6  
  110  12:18  Drone  
Tags
 
Add a new tag
Caveats
  • Supply blocks, unpowered buildings, or Contaminate may cause inaccurate times.
  • Supply counts are checked every 10 seconds.